 Dungeon Crawl Stone Soup version 0.31-a0-931-g7b59d4eb97 (webtiles) character file.

Game seed: 7022494358562870317

77310 LadyBoffin the Eclecticist (level 15, -7/72 HPs)
             Began as a Deep Elf Summoner on Oct 19, 2023.
             Was a High Priest of Sif Muna.
             Mangled by a +2 halberd of venom (26 damage)
             ... on level 1 of the Elven Halls.
             The game lasted 03:38:58 (28659 turns).

LadyBoffin the Eclecticist (Deep Elf Summoner)     Turns: 28659, Time: 03:38:58

Health: -7/72      AC: 10    Str:  5    XL:     15   Next: 15%
Magic:  39/41      EV: 24    Int: 28    God:    Sif Muna [*****.]
Gold:   655        SH:  0    Dex: 15    Spells: 0/54 levels left

rFire   + . .        J - staff of cold
rCold   + + +        (no shield)
rNeg    . . .        V - +2 robe {rC+}
rPois   .            W - +2 hat
rElec   .            K - +0 cloak of the Trombone {rF+}
rCorr   .            Q - +2 pair of gloves
SInv    .            (no boots)
Will    +....        u - amulet of regeneration
Stlth   +++          p - ring of protection from cold
HPRegen 1.12/turn    U - +5 ring of evasion
MPRegen 0.27/turn

%: no passive effects
@: lethally poisoned (-7 -> -22)
A: no striking features
a: Renounce Religion, Channel Magic, Forget Spell, Divine Exegesis


You were on level 1 of the Elven Halls.
You worshipped Sif Muna.
Sif Muna was extremely pleased with you.
You visited 6 branches of the dungeon, and saw 22 of its levels.
You also visited: Ossuary and Ice Cave.

You collected 1885 gold pieces.
You spent 1230 gold pieces at shops.

Inventory:

Hand Weapons
 a - the +11 flail of the Globe {drain, rPois rF+ Str-4}
   (You found it on level 5 of the Lair of Beasts)

   Str-4:     It affects your strength (-4).
   rF+:       It protects you from fire.
   rPois:     It protects you from poison
 e - a +0 short sword
 f - a +2 hand axe of flaming
Armour
 d - a +0 cloak
 g - a scarf of invisibility
 w - an orb of mayhem
 K - the +0 cloak of the Trombone (worn) {rF+}
   (You found it on level 1 of the Lair of Beasts)

   rF+:       It protects you from fire.
 Q - a +2 pair of gloves (worn)
 V - a +2 robe of cold resistance (worn)
 W - a +2 hat (worn)
Magical Staves
 s - a staff of earth
 J - a staff of cold (weapon)
 X - a staff of death
Jewellery
 h - an amulet of reflection
 i - a ring of willpower
 o - an amulet of the acrobat
 p - a ring of protection from cold (left hand)
 r - a ring of wizardry
 u - an amulet of regeneration (around neck)
 F - a ring of wizardry
 G - a ring of see invisible
 P - a ring of protection from cold
 U - a +5 ring of evasion (right hand)
 Y - a ring of flight
Talismans
 M - a granite talisman
Wands
 k - a wand of flame (93)
 B - a wand of iceblast (8)
 I - a wand of paralysis (15)
 L - a wand of digging (5)
Scrolls
 m - 2 scrolls of immolation
 t - 6 scrolls of teleportation (quivered)
 y - 2 scrolls of revelation
 A - a scroll of vulnerability
 C - 3 scrolls of summoning
 D - 4 scrolls of enchant weapon
 E - 2 scrolls of noise
 H - a scroll of torment
 S - a scroll of poison
Potions
 c - 3 potions of enlightenment
 j - 2 potions of invisibility
 l - 2 potions of ambrosia
 n - 10 potions of might
 q - 5 potions of attraction
 v - 2 potions of mutation {unknown}
 x - 5 potions of curing
 z - a potion of haste {unknown}
 N - 3 potions of lignification {unknown}
 T - 2 potions of berserk rage {unknown}
Miscellaneous
 b - a phial of floods
 R - a phantom mirror


   Skills:
 * Level 13.5 Dodging
 + Level 5.3 Stealth
 + Level 20.0 Spellcasting
 - Level 4.1 Conjurations
 - Level 4.6 Hexes
 + Level 17.4 Summonings
 - Level 2.7 Necromancy
 * Level 9.2 Ice Magic
 - Level 4.2 Air Magic
 - Level 1.2 Poison Magic
 - Level 0.8 Evocations


You couldn't memorise any spells.
You knew the following spells:

 Your Spells              Type           Power      Damage    Failure   Level
a - Summon Cactus Giant   Summ           45%        N/A       1%          6
c - Call Canine Familiar  Summ           90%        N/A       0%          3
d - Summon Lightning Spi  Summ/Air       73%        N/A       1%          4
e - Summon Guardian Gole  Hex/Summ       74%        N/A       1%          3
f - Poisonous Vapours     Pois/Air       86%        N/A       1%          2
g - Freezing Cloud        Conj/Ice/Air   37%        6-21      3%          5
h - Airstrike             Air            25%        2d(4-20)  2%          4
i - Monstrous Menagerie   Summ           45%        N/A       1%          7
j - Vampiric Draining     Necr           43%        2d9       1%          3
k - Anguish               Hex/Necr       24%        N/A       3%          4
l - Ozocubu's Refrigerat  Ice            44%        4d17      28%         7
m - Ignite Poison         Fire/Tmut/Pois 30%        N/A       3%          3
n - Mephitic Cloud        Conj/Pois/Air  46%        N/A       1%          3

Your spell library contained the following spells:

 Spells                   Type           Power      Damage    Failure   Level
 Summon Small Mammal      Summ           100%       N/A       0%          1
 Call Imp                 Summ           100%       N/A       0%          2
 Necrotise                Necr           100%       1d9       1%          1
 Ensorcelled Hibernation  Hex/Ice        100%       N/A       1%          2
 Jinxbite                 Hex            100%       N/A       1%          2
 Momentum Strike          Conj/Tloc      78%        3d10      1%          2
 Static Discharge         Conj/Air       100%       2-7/arc   1%          2
 Dazzling Flash           Conj/Hex       100%       N/A       1%          3
 Hailstorm                Conj/Ice       78%        3d16      1%          3
 Inner Flame              Hex/Fire       41%        N/A       1%          3
 Summon Ice Beast         Ice/Summ       100%       N/A       1%          4
 Summon Mana Viper        Hex/Summ       74%        N/A       1%          5
 Blink                    Tloc           56%        N/A       2%          2
 Lesser Beckoning         Tloc           56%        N/A       2%          2
 Scorch                   Fire           56%        2d7       2%          2
 Metabolic Englaciation   Hex/Ice        39%        N/A       2%          5
 Volatile Blastmotes      Fire/Tloc      56%        2d14      4%          3
 Flame Wave               Conj/Fire      39%        2d11      6%          4
 Sticky Flame             Conj/Fire      39%        2d6       6%          4
 Agony                    Necr           43%        N/A       13%         5
 Manifold Assault         Tloc           28%        N/A       14%         4
 Yara's Violent Unravell  Hex/Tmut       20%        3d9       16%         5
 Simulacrum               Ice/Necr       37%        N/A       19%         6
 Haunt                    Necr/Summ      35%        N/A       19%         7
 Starburst                Conj/Fire      19%        6d7       67%         6
 Enfeeble                 Hex            26%        N/A       87%         7
 Ignition                 Fire           14%        3d6       100%        8
 Maxwell's Capacitive Co  Air            25%        āˆž       100%        8
 Death's Door             Necr           21%        N/A       100%        9
 Polar Vortex             Ice            44%        12d5*     100%        9


Dungeon Overview and Level Annotations

Branches:
Dungeon (12/15)            Temple (1/1) D:5            Lair (5/5) D:11
 Shoals (1/4) Lair:3        Snake (0/4) Lair:3        Slime (0/5) Lair:5
    Orc (2/2) D:12            Elf (1/3) Orc:2       Ossuary (visited)
  IceCv (visited)

Altars:
Ashenzari
Cheibriados
Dithmenos
Elyvilon
Fedhas
Gozag
Hepliaklqana
Kikubaaqudgha
Makhleb
Nemelex Xobeh
Okawaru
Qazlal
Ru
Sif Muna
Trog
Uskayaw
Vehumet
Wu Jian
Xom
Yredelemnul
Zin
The Shining One
Jiyva
Lugonu

Shops:
D:6 !   D:9 :   D:11 *   Orc:2 [*:(

Portals:
Abyss: Lair:5


Message History

There is a staircase back to the Mines here.
You open the huge gate. 2 deep elf pyromancers and 2 deep elf zephyrmancers come into view.
The +2 halberd of venom hits you.
You are poisoned.
Found a robe.
Casting: Airstrike (dangerous; 2% risk of failure)
Confirm with . or Enter, or press ? or * to list all spells.
Aiming: Mephitic Cloud (safe; 1% risk of failure)
Press: ? - help, Shift-Dir - straight line The ball explodes into a vile cloud!
The stinking cloud engulfs the deep elf pyromancer but does no damage. x2
The deep elf pyromancer shouts!
The stinking cloud engulfs the deep elf zephyrmancer but does no damage.
The deep elf zephyrmancer shouts!
You feel sick.
The deep elf zephyrmancer shouts!
The +2 halberd of venom hits you.
You are more poisoned.
The +2 halberd of venom hits you!!
You are more poisoned.
The deep elf pyromancer is engulfed in noxious fumes.
You feel very sick. The +2 halberd of venom hits you!
You are more poisoned.
The deep elf pyromancer is engulfed in noxious fumes.
The deep elf pyromancer appears confused.
The deep elf zephyrmancer is engulfed in noxious fumes.
The deep elf zephyrmancer appears confused.
The deep elf zephyrmancer closely misses the deep elf zephyrmancer.
The deep elf zephyrmancer is engulfed in noxious fumes.
The deep elf zephyrmancer appears confused.
The deep elf pyromancer is engulfed in noxious fumes.
The deep elf pyromancer appears confused.
The deep elf pyromancer hits the deep elf zephyrmancer with a +0 dagger.
There is a staircase back to the Mines, spattered with blood here.
* * * LOW HITPOINT WARNING * * *
You feel extremely sick. The +2 halberd of venom hits you!!
You die...

##### ##...##
#.....#
#.....#
#..@(.#
#.....#
#''e''#
#....eā—‹...#
#.8.eā—‹..8.#
#....e....#
#.........#
...........
##.........##


You could see 2 deep elf pyromancers, 2 deep elf zephyrmancers and a +2 halberd
of venom.

Vanquished Creatures
  Saint Roka (Orc:2)
  Fannar (Lair:2)
  A hydra (Lair:5)
  A catoblepas (Lair:3)
  A boulder beetle (D:12)
  An orc high priest (Orc:2)
  Sonja (Lair:1)
  A fire crab (shapeshifter) (Lair:5)
  An orc knight (Orc:2)
  An ugly thing (Lair:5)
  3 orc sorcerers (Orc:2)
  A manticore (D:11)
  3 ice statues (IceCv)
  2 black mambas
  A torpor snail (Lair:5)
  3 cane toads
  Jeremiah (D:7)
  3 komodo dragons
  2 trolls
  A polar bear (Lair:5)
  A wind drake (Lair:3)
  11 blink frogs
  A vampire (D:9)
  3 wyverns
  18 yaks
  3 basilisks
  A chaos spawn (Lair:5)
  A vampire mosquito (D:12)
  2 wargs (Orc:2)
  3 water moccasins
  11 orc warriors
  A small abomination (Lair:5)
  2 ogres
  A wolf (Lair:2)
  A centaur (D:9)
  Blork the orc (Orc:2)
  A phantom (D:5)
  6 bullfrogs
  2 electric eels (Lair:3)
  A howler monkey (D:6)
  3 jellies (Lair:5)
  6 orc priests (Orc:2)
  5 orc wizards
  2 gnolls (Orc:2)
  15 orcs
  A goblin (D:1)
  A quokka (D:1)
  A bat (D:1)
  A frilled lizard (D:1)
  An orc zombie (D:12)
  A rat (D:2)
138 creatures vanquished.

Vanquished Creatures (collateral kills)
  3 hydras
  A two-headed ogre (Orc:1)
  The ghost of Pooter the Severer, a novice MiBe of Trog (D:7)
  A centaur warrior (D:12)
  2 orc high priests
  6 death yaks (Lair:5)
  3 thrashing horrors (Lair:5)
  A fire crab (Lair:5)
  2 lindwurms
  2 orc knights
  3 ugly things
  2 wolf spiders (Lair:2)
  A manticore (Lair:3)
  3 black mambas (Lair:3)
  Joseph (Lair:1)
  2 smoke demons (Lair:5)
  A torpor snail (Lair:4)
  2 unseen horrors (D:11)
  A gargoyle (D:12)
  A freezing wraith (IceCv)
  An anaconda simulacrum (IceCv)
  9 cane toads
  6 rime drakes
  7 komodo dragons
  6 trolls
  2 hornets (D:9)
  A polar bear (Lair:2)
  A raiju (Lair:5)
  19 blink frogs
  9 small abominations (Lair:5)
  7 slime creatures (D:12)
  4 shadows
  2 wraiths
  Eustachio (D:4)
  49 yaks
  4 wyverns
  A spriggan (Lair:5)
  3 basilisks
  3 steam dragons
  6 vampire mosquitoes (D:12)
  2 chaos spawn (Lair:5)
  A warg (Orc:2)
  A death yak simulacrum (IceCv)
  A harpy simulacrum (IceCv)
  Duvessa (D:6)
  A naga (Lair:3)
  10 water moccasins
  A hydra simulacrum (IceCv)
  An ice beast (D:7)
  A black bear (D:6)
  16 orc warriors
  A sky beast (D:3)
  12 wolves
  3 ogres
  2 phantoms (D:12)
  4 centaurs
  3 elf zombies (Ossuary)
  10 bullfrogs
  7 scorpions
  15 wights
  Dowan (D:6)
  A troll zombie (D:12)
  4 killer bees (D:10)
  An elephant simulacrum (IceCv)
  2 howler monkeys
  3 centaur zombies (Ossuary)
  6 jellies
  10 orc priests
  A hound (D:7)
  A gnoll bouda (D:6)
  Jessica (D:2)
  A scorpion zombie (D:4)
  Ijyb (D:5)
  2 iguanas
  4 sleepcaps
  12 orc wizards
  A polar bear simulacrum (IceCv)
  2 wolf simulacra (IceCv)
  5 ogre zombies (D:12)
  A hound zombie (D:4)
  2 mummies (Ossuary)
  4 gnolls
  11 adders
  A white imp (D:7)
  2 ufetubi (D:6)
  An adder zombie (Ossuary)
  A worm (D:4)
  2 dart slugs
  34 orcs
  5 ball pythons
  11 endoplasms
  2 giant cockroaches (D:4)
  A gnoll zombie (D:12)
  3 goblins
  4 hobgoblins
  13 kobolds
  3 quokkas
  3 bats
  7 frilled lizards
  4 gnoll skeletons (D:12)
  A goblin zombie (Ossuary)
  16 hobgoblin zombies (Ossuary)
  3 kobold zombies (Ossuary)
  An orc skeleton (D:12)
  21 orc zombies
  4 rats
  A rat zombie (Ossuary)
494 creatures vanquished.

Vanquished Creatures (others)
  A two-headed ogre (D:10)
  An orc knight (Orc:2)
  An ugly thing (Lair:5)
  An orc sorcerer (Orc:2)
  A gargoyle (D:11)
  2 komodo dragons
  3 yaks
  A naga (Lair:3)
  A centaur (D:12)
  2 wights (D:10)
  2 killer bees (D:10)
  An iguana (D:6)
17 creatures vanquished.

Grand Total: 649 creatures vanquished

Notes
Turn   | Place    | Note
-------+----------+-------------------------------------------
     0 | D:1      | LadyBoffin the Deep Elf Summoner began the quest for the
                  | Orb.
     0 | D:1      | Reached XP level 1. HP: 10/10 MP: 6/6
   172 | D:1      | Reached XP level 2. HP: 10/15 MP: 6/8
   253 | D:1      | Reached skill level 5 in Summonings
   405 | D:1      | Found a faded altar of an unknown god.
   552 | D:1      | Reached XP level 3. HP: 6/19 MP: 7/10
   984 | D:1      | Learned a level 2 spell: Call Imp
   988 | D:1      | Learned a level 3 spell: Call Canine Familiar
  1155 | D:2      | Reached skill level 4 in Spellcasting
  1211 | D:2      | Noticed Jessica
  1219 | D:2      | Killed Jessica
  1220 | D:2      | Reached XP level 4. HP: 24/24 MP: 1/12
  1318 | D:2      | Learned a level 4 spell: Summon Lightning Spire
  1594 | D:3      | Noticed a sky beast
  1594 | D:3      | Found a stormy altar of Qazlal.
  2023 | D:3      | Killed a sky beast
  2024 | D:3      | Reached skill level 5 in Spellcasting
  2024 | D:3      | Reached skill level 1 in Air Magic
  2024 | D:3      | Reached XP level 5. HP: 28/28 MP: 3/14
  2120 | D:3      | Learned a level 3 spell: Summon Guardian Golem
  3145 | D:4      | Reached skill level 6 in Spellcasting
  3145 | D:4      | Reached XP level 6. HP: 32/32 MP: 13/17
  3462 | D:4      | Noticed Eustachio
  3591 | D:4      | Killed Eustachio
  3634 | D:4      | Reached XP level 7. HP: 36/36 MP: 12/18
  3848 | D:4      | Found a basalt altar of Yredelemnul.
  4146 | D:4      | Reached skill level 7 in Spellcasting
  4349 | D:5      | Entered Level 5 of the Dungeon
  4649 | D:5      | Learned a level 2 spell: Poisonous Vapours
  4672 | D:5      | Reached skill level 8 in Spellcasting
  4676 | D:5      | Reached XP level 8. HP: 23/41 MP: 13/22
  4838 | D:5      | Learned a level 5 spell: Freezing Cloud
  4870 | D:5      | Found a blossoming altar of Fedhas.
  5091 | D:5      | Noticed Ijyb
  5102 | D:5      | Killed Ijyb
  5107 | D:5      | Reached skill level 9 in Spellcasting
  5353 | D:5      | Found a staircase to the Ecumenical Temple.
  5380 | D:5      | Reached skill level 1 in Ice Magic
  5390 | Temple   | Entered the Ecumenical Temple
  5599 | D:6      | Reached skill level 1 in Poison Magic
  5629 | D:6      | Reached skill level 10 in Spellcasting
  5643 | D:6      | Found Ytale's Distillery.
  5672 | D:6      | Bought a potion of heal wounds for 70 gold pieces
  5672 | D:6      | Bought a potion of curing for 42 gold pieces
  5750 | D:6      | Noticed Duvessa
  5761 | D:6      | Noticed Dowan
  5794 | D:6      | Killed Duvessa
  5795 | D:6      | Reached XP level 9. HP: 45/45 MP: 1/25
  5804 | D:6      | Killed Dowan
  5940 | D:6      | Learned a level 4 spell: Airstrike
  5961 | D:6      | Reached skill level 11 in Spellcasting
  6395 | D:7      | Noticed Jeremiah
  6414 | D:7      | Killed Jeremiah
  6429 | D:7      | Found a sand-covered staircase.
  6443 | Ossuary  | Entered an ossuary
  6862 | Ossuary  | Reached skill level 12 in Spellcasting
  7059 | D:7      | Learned a level 7 spell: Monstrous Menagerie
  7064 | D:7      | Found a snail-covered altar of Cheibriados.
  7315 | D:7      | Found a runed translucent door.
  7315 | D:7      | Noticed Pooter's ghost (novice MiBe)
  7356 | D:7      | Killed Pooter's ghost
  7357 | D:7      | Reached skill level 5 in Dodging
  7357 | D:7      | Reached skill level 5 in Stealth
  7529 | D:8      | Reached XP level 10. HP: 46/50 MP: 19/28
  7651 | D:8      | Reached skill level 13 in Spellcasting
  8716 | D:9      | Found a shimmering blue altar of Sif Muna.
  8731 | D:9      | Became a worshipper of Sif Muna the Loreminder
  8902 | D:9      | Reached skill level 14 in Spellcasting
  8908 | D:9      | Reached skill level 10 in Summonings
  9069 | D:9      | Found Zegha's Vocational Training.
  9618 | D:9      | Found a large runed translucent door.
  9619 | D:9      | Found a large runed translucent door.
  9650 | D:9      | Found an ornate altar of the Wu Jian Council.
  9674 | D:9      | Found a radiant altar of Vehumet.
 10073 | D:10     | Entered Level 10 of the Dungeon
 10090 | D:10     | Noticed a two-headed ogre
 10102 | D:10     | Killed a two-headed ogre
 10103 | D:10     | Reached XP level 11. HP: 54/54 MP: 23/31
 10164 | D:10     | Reached skill level 5 in Ice Magic
 10166 | D:10     | Reached * piety under Sif Muna
 10205 | D:10     | Reached skill level 15 in Spellcasting
 11847 | D:11     | Found a staircase to the Lair.
 12239 | D:11     | Learned a level 3 spell: Vampiric Draining
 12392 | D:11     | Found Aihecuuge's Alliterative Armaments.
 12592 | D:12     | Noticed a boulder beetle
 12644 | D:11     | Upgraded the game from 0.31-a0-925-g0a390f2509 to
                  | 0.31-a0-931-g7b59d4eb97
 12645 | Gauntlet | Identified the "Batuonus"
 12645 | Lair:1   | Entered Level 1 of the Lair of Beasts
 12652 | Lair:1   | Reached skill level 16 in Spellcasting
 12899 | Lair:1   | Noticed Joseph
 12911 | Lair:1   | Killed Joseph
 13007 | Lair:1   | Noticed Sonja
 13018 | Lair:1   | Killed Sonja
 13018 | Lair:1   | Reached ** piety under Sif Muna
 13133 | Lair:1   | Identified the +0 cloak of the Trombone {rF+}
 13624 | Lair:1   | Reached XP level 12. HP: 33/59 MP: 20/34
 13852 | Lair:2   | Reached skill level 17 in Spellcasting
 13897 | Lair:2   | Noticed Fannar
 13919 | Lair:2   | Killed Fannar
 14121 | Lair:2   | Noticed a four-headed hydra
 14129 | Lair:2   | Killed a four-headed hydra
 14338 | Lair:2   | Reached skill level 1 in Conjurations
 14692 | Lair:2   | Reached skill level 18 in Spellcasting
 15179 | Lair:3   | Reached skill level 10 in Dodging
 15705 | Lair:3   | Noticed an eight-headed hydra
 15710 | Lair:3   | Killed an eight-headed hydra
 15731 | Lair:3   | Noticed a catoblepas
 15753 | Lair:3   | Killed a catoblepas
 16100 | Lair:3   | Found a staircase to the Snake Pit.
 16511 | Lair:3   | Noticed a six-headed hydra
 16531 | Lair:3   | Killed a six-headed hydra
 16531 | Lair:3   | Reached *** piety under Sif Muna
 16820 | Lair:3   | Reached XP level 13. HP: 63/63 MP: 26/37
 16889 | Lair:3   | Found a staircase to the Shoals.
 17684 | Lair:4   | Reached skill level 19 in Spellcasting
 18566 | Lair:4   | Reached **** piety under Sif Muna
 19612 | Lair:5   | Entered Level 5 of the Lair of Beasts
 19905 | Lair:4   | Learned a level 4 spell: Anguish
 19997 | Lair:5   | Reached skill level 1 in Hexes
 19998 | Lair:5   | Reached skill level 1 in Necromancy
 20090 | Lair:5   | Found a staircase to the Slime Pits.
 20099 | Lair:5   | Found a viscous altar of Jiyva.
 20107 | Lair:5   | Identified the +11 flail of the Globe {drain, rPois rF+
                  | Str-4}
 20884 | Lair:5   | Reached ***** piety under Sif Muna
 21202 | Lair:5   | Identified the of Kacw (Sif Muna gifted it to you on level
                  | 5 of the Lair of Beasts)
 21202 | Lair:5   | Received a gift from Sif Muna
 21203 | Lair:5   | Reached XP level 14. HP: 68/68 MP: 4/39
 21300 | Lair:5   | Reached skill level 20 in Spellcasting
 21426 | Lair:5   | Learned a level 7 spell: Ozocubu's Refrigeration
 21557 | Lair:5   | Found a corrupted altar of Lugonu.
 21557 | Lair:5   | Found a one-way gate to the infinite horrors of the Abyss.
 21709 | Lair:5   | Reached skill level 15 in Summonings
 23296 | Shoals:1 | Entered Level 1 of the Shoals
 24139 | D:12     | Found a staircase to the Orcish Mines.
 25153 | Orc:1    | Entered Level 1 of the Orcish Mines
 25498 | Orc:1    | Found a frozen archway.
 25507 | IceCv    | Entered an ice cave
 25516 | IceCv    | Identified the "Rielos" (Sif Muna gifted it to you in an
                  | ice cave)
 25516 | IceCv    | Received a gift from Sif Muna
 25526 | IceCv    | Learned a level 3 spell: Ignite Poison
 25649 | IceCv    | Learned a level 3 spell: Mephitic Cloud
 26293 | Orc:2    | Entered Level 2 of the Orcish Mines
 26439 | Orc:2    | Found a staircase to the Elven Halls.
 26982 | Orc:2    | Paralysed by an orc sorcerer for 5 turns
 26988 | Orc:2    | HP: 3/68 [red devil/+0 trident[an orc high priest] (6)]
 27265 | Orc:2    | Noticed Blork the orc
 27271 | Orc:2    | Killed Blork the orc
 27274 | Orc:2    | Noticed Saint Roka
 27285 | Orc:2    | Killed Saint Roka
 27286 | Orc:2    | Reached XP level 15. HP: 52/72 MP: 2/41
 27837 | Orc:2    | Received a gift from Sif Muna
 27873 | Orc:2    | Learned a level 6 spell: Summon Cactus Giant
 28035 | Orc:2    | Found Qaff's Book Boutique.
 28061 | Orc:2    | Found Epiwig's Antique Weapon Boutique.
 28090 | Orc:2    | Found Pyxin's Antique Armour Boutique.
 28111 | Orc:2    | Found Ylit's General Store.
 28169 | Orc:2    | Bought a book of the Tundra for 416 gold pieces
 28606 | Orc:2    | Bought a book of Beasts for 494 gold pieces
 28606 | Orc:2    | Bought an Inescapable Atlas for 208 gold pieces
 28654 | Vaults:5 | Identified the of Lakun
 28654 | Vaults:5 | Identified the "Rodag"
 28654 | Vaults:5 | Identified the "Huastopa"
 28654 | Crypt:1  | Identified the of Uqige
 28654 | Elf:1    | Entered Level 1 of the Elven Halls
 28659 | Elf:1    | Mangled by a +2 halberd of venom

Illustrated notes

Levels and vault maps discovered:
D:1:      minmay_arrival_arboretum_small, layout_basic,
          shapermc_ecumenical_altar_petra, lexackson_kobold_supper
D:2:      layout_rooms, kennysheep_generic_room_13, uniq_jessica
D:3:      layout_basic, nicolae_qazlal_beasts_of_the_sky
D:4:      layout_rooms, lemuel_zombie_altar_yredelemnul,
          serial_co_window_serial, co_window_cross_1, co_window_corner_a,
          co_window_corner_a, co_window_paths_a, co_window_corner_a,
          co_window_corner_a, co_window_paths_c, co_window_of_opportunity_c,
          co_window_broadway_c, co_window_sun, co_window_4corner_b,
          glass_columns_c, glass_columns_a, glass_columns_a, glass_columns_a,
          glass_columns_c, minmay_stone_trees_medium, nrook_campfire,
          grunt_decor_resistance, st_stairs_13, uniq_eustachio
D:5:      layout_rooms, mainiacjoe_overflow_small_starburst,
          minmay_temple_entry_mini_moons, uniq_ijyb
D:6:      layout_basic, serial_shops, shop_statue, uniq_duvessa
D:7:      layout_rooms, kennysheep_slug_shrine, enter_bailey_1, enter_ossuary_1,
          gammafunk_ghost_grave, glass_columns_b, uniq_jeremiah
D:8:      nicolae_BIG_FREAKIN_CUBE, layout_basic, amcnicky_mini_pool_small
D:9:      layout_stronghold, mainiacjoe_overflow_cross_hatched,
          jmf_multi_god_temple2, serial_park_tiny_2, nicolae_shop_vocational
D:10:     layout_loops_ring
D:11:     layout_grid_maze, due_lair_maze_entry_diamond,
          monkooky_shop_alliterative
D:12:     layout_loops_ring, zombieorc1_lemuel
Temple:   hellmonk_temple_two_chambers
Lair:1:   layout_hall_layers, uniq_joseph, uniq_sonja
Lair:2:   layout_hall_layers, nicolae_lair_run_with_the_wolves, uniq_fannar
Lair:3:   cheibrodos_lair_river_kwai, layout_cave_pods,
          minmay_shoals_entry_beasts, guppyfry_snake_entry_garden,
          serial_bayou_shore_a
Lair:4:   layout_concentric_octagons, grunt_megastairs_1
Lair:5:   hellmonk_lair_end_abyssal_woods, layout_cave_pods,
          nicolae_slime_entry_field_trip, st_stairs_4, minivault_27,
          grunt_megastairs_2
Shoals:1: layout_shoals, nicolae_shop_self_help
Orc:1:    layout_diamond_mine, portal_ice_cave_entry_pillars_2
Orc:2:    grunt_orc_cross, layout_caves
Elf:1:    eino_elf_arrival_the_gate, layout_geoelf_octagon, serial_shops, shop,
          hangedman_elven_crosses_minicolossus, minmay_shop_enchanted_jewellery,
          st_stairs_9, hangedman_elven_pyramids, nicolae_rare_books,
          nicolae_shop_overcharged_wands, minmay_shop_grove

Skill      XL: |  1  2  3  4  5  6  7  8  9 10 11 12 13 14 |
---------------+-------------------------------------------+-----
Summonings     | 5 6 7 8 9 10 11 12 14 17 | 17.4
Spellcasting   | 4 5 6 8 10 12 14 16 18 19 20 | 20.0
Air Magic      | 1 3 4 |  4.2
Stealth        | 3 5 |  5.3
Dodging        | 3 5 7 8 10 12 13 | 13.5
Ice Magic      | 2 3 4 6 9 |  9.2
Poison Magic   | 1 |  1.2
Conjurations   | 3 4 |  4.1
Hexes          | 3 4 |  4.6
Necromancy     | 2 |  2.7
Evocations     | |  0.8

Action                     |  1- 3 |  4- 6 |  7- 9 | 10-12 | 13-15 || total
---------------------------+-------+-------+-------+-------+-------++-------
  Melee: Short sword       |    19 |     2 |       |       |       ||    21
         Staff             |       |       |    17 |    14 |    35 ||    66
         Punch             |       |       |     1 |       |       ||     1
         Hand axe          |       |       |     2 |       |       ||     2
   Cast: Summon Small Mamm |    39 |    21 |    22 |    15 |     3 ||   100
         Call Imp          |     5 |    20 |    38 |    46 |    15 ||   124
         Call Canine Famil |     3 |    24 |    41 |    67 |    40 ||   175
         Summon Lightning  |       |       |    24 |    57 |    47 ||   128
         Summon Guardian G |       |       |     7 |    21 |     7 ||    35
         Poisonous Vapours |       |       |     5 |    61 |   156 ||   222
         Airstrike         |       |       |     5 |    56 |    55 ||   116
         Monstrous Menager |       |       |       |    11 |   103 ||   114
         Freezing Cloud    |       |       |       |    10 |    26 ||    36
         Vampiric Draining |       |       |       |       |     8 ||     8
         Anguish           |       |       |       |       |     5 ||     5
         Ignite Poison     |       |       |       |       |    32 ||    32
         Mephitic Cloud    |       |       |       |       |    15 ||    15
         Summon Cactus Gia |       |       |       |       |     1 ||     1
 Invoke: Forget Spell      |       |       |       |       |     1 ||     1
  Evoke: Wand              |       |     1 |     8 |       |     1 ||    10
    Use: Scroll            |     2 |     5 |     4 |    11 |     8 ||    30
         Potion            |       |     1 |     3 |     6 |     8 ||    18
   Stab: Distracted        |     1 |       |       |       |       ||     1
         Sleeping          |       |     1 |       |       |       ||     1
 Armour: Robe              |    32 |    14 |    53 |    89 |   109 ||   297
  Dodge: Dodged            |    34 |    19 |    48 |    81 |   175 ||   357

Table legend: (Time is in decaauts)
 A = Elapsed time spent in this place.
 B = Non-inter-level travel time spent in this place.
 C = Inter-level travel time spent in this place.
 D = Time resting spent in this place.
 E = Time spent auto-exploring this place.
 F = Levels seen in this place.
 G = Mean time per level.
                   A        B        C        D        E       F      G
               +--------+--------+--------+--------+--------+-----+--------+
         Total |  28702 |  26375 |   2327 |   9218 |   9780 |  24 | 1195.9 |
       Dungeon |  14030 |  12926 |   1104 |   2569 |   6476 |  12 | 1169.2 |
        Temple |      5 |      5 |      0 |      0 |      0 |   1 |    5.0 |
          Lair |  10794 |   9913 |    881 |   5032 |   2575 |   5 | 2158.8 |
        Shoals |      1 |      1 |      0 |      0 |      0 |   1 |    1.0 |
  Orcish Mines |   2681 |   2339 |    342 |   1053 |    612 |   2 | 1340.5 |
   Elven Halls |      4 |      4 |      0 |      0 |      0 |   1 |    4.0 |
       Ossuary |    500 |    500 |      0 |    171 |     55 |   1 |  500.0 |
      Ice Cave |    682 |    682 |      0 |    393 |     62 |   1 |  682.0 |
               +--------+--------+--------+--------+--------+-----+--------+

Top non-repeatable levels by time:
  Lair:5: 3409 daAuts
  Lair:3: 2614 daAuts
  Lair:4: 2345 daAuts
   Orc:2: 2151 daAuts
    D:12: 1895 daAuts
     D:4: 1559 daAuts
     D:9: 1546 daAuts
  Lair:2: 1350 daAuts
    D:11: 1341 daAuts
    D:10: 1229 daAuts
     D:3: 1126 daAuts
     D:5: 1122 daAuts
  Lair:1: 1074 daAuts
     D:8: 1035 daAuts
     D:1: 989 daAuts
